 Dungeon Crawl Stone Soup version 0.28.0-45-g0d030f2227 (console) character file.

Game seed: 16701185561843889285

5835 Zeor the Cruncher (level 10, -14/63 HPs)
             Began as a Gargoyle Gladiator on Apr 6, 2022.
             Was an Initiate of Wu Jian.
             Shot with an arrow by a centaur warrior (21 damage)
             ... on level 9 of the Dungeon.
             The game lasted 00:26:45 (9741 turns).

Zeor the Cruncher (Gargoyle Gladiator)              Turns: 9741, Time: 00:26:45

Health: -14/63     AC: 22    Str: 25    XL:     10   Next: 80%
Magic:  10/10      EV: 10    Int:  9    God:    Wu Jian [......]
Gold:   461        SH:  0    Dex: 17    Spells: 9/9 levels left

rFire   + . .      SeeInvis .   a - +2 quarterstaff
rCold   + . .      Faith    .   (shield currently unavailable)
rNeg    + + .      Spirit   .   i - +3 chain mail {rN+}
rPois   ∞          Reflect  .   c - +2 helmet
rElec   +          Harm     .   L - scarf {rC+ rF+}
rCorr   .          Rampage  .   (no gloves)
Will    .....                   o - +0 pair of boots of Disaster {Str+3}
Stlth   ..........              (no amulet)
HPRegen 0.00/turn               z - +4 ring of protection
MPRegen 0.12/turn               M - +6 ring of dexterity

@: mighty, corroded, inhibited regen
A: sickness immunity, AC +7, negative energy resistance 1, electricity
resistance, torment resistance 1, petrification resistance, inhibited
regeneration, MP-powered wands
a: Renounce Religion


You were on level 9 of the Dungeon.
You worshipped Wu Jian.
Wu Jian was noncommittal.
You visited 2 branches of the dungeon, and saw 10 of its levels.

You collected 461 gold pieces.

Inventory:

Hand Weapons
 a - a +2 quarterstaff (weapon)
 b - a +0 hand crossbow
 f - a +1 whip of freezing
 N - a +5 trident
 P - a +2 scimitar of flaming
Missiles
 d - 4 throwing nets
 g - 80 bolts
 l - 13 poisoned darts
 m - 3 silver javelins
 q - 4 boomerangs
 w - 83 arrows
 y - 5 javelins (quivered)
Armour
 c - a +2 helmet (worn)
 i - a +3 chain mail of positive energy (worn)
 o - the +0 pair of boots of Disaster (worn) {Str+3}
   (You found it on level 2 of the Dungeon)

   Str:       It affects your strength (+3).
 s - a scarf of harm
 L - a scarf of resistance (worn)
 O - a +1 scale mail of fire resistance
Jewellery
 e - a ring of ice
 z - a +4 ring of protection (left hand)
 E - a ring of fire
 M - a +6 ring of dexterity (right hand)
Wands
 A - a wand of paralysis (7)
 I - a wand of polymorph (5)
 J - a wand of acid (9)
Scrolls
 j - 2 scrolls of enchant weapon
 n - a scroll of silence
 r - a scroll of immolation
 t - 3 scrolls of vulnerability
 u - 4 scrolls of teleportation
 v - a scroll of magic mapping
 F - a scroll of amnesia
Potions
 h - a potion of degeneration
 p - a potion of might
 B - 3 potions of curing
 D - a potion of flight
 G - a potion of lignification
 H - 2 potions of mutation
 K - a potion of haste {unknown}


   Skills:
 + Level 7.2 Fighting
 + Level 11.5 Staves
 + Level 3.2 Throwing
 * Level 9.2 Armour
 + Level 3.2 Dodging


You had 9 spell levels left.
You didn't know any spells.
Your spell library contained the following spells:

 Spells                   Type           Power      Damage    Failure   Level
 Animate Skeleton         Necr           0%         N/A       91%         1
 Apportation              Tloc           0%         N/A       91%         1
 Beastly Appendage        Tmut           0%         N/A       91%         1
 Summon Small Mammal      Summ           0%         N/A       91%         1
 Wereblood                Tmut           0%         N/A       97%         2
 Dazzling Flash           Conj/Hex       0%         N/A       99%         3
 Spider Form              Tmut/Pois      0%         N/A       99%         3
 Iskenderun's Mystic Bla  Conj/Tloc      0%         2d3       100%        4
 Petrify                  Tmut/Erth      0%         N/A       100%        4
 Irradiate                Conj/Tmut      0%         3d13      100%        5
 Starburst                Conj/Fire      0%         6d3       100%        6
 Sublimation of Blood     Necr           Unusable   N/A       N/A         2

Dungeon Overview and Level Annotations

Branches:
Dungeon (9/15)             Temple (1/1) D:7
   Lair: D:8-11         Orc: D:9-12

Altars:
Ashenzari
Cheibriados
Dithmenos
Elyvilon
Gozag
Hepliaklqana
Kikubaaqudgha
Makhleb
Nemelex Xobeh
Okawaru
Qazlal
Ru
Sif Muna
Trog
Vehumet
Wu Jian
Xom
Yredelemnul
Zin
The Shining One


Innate Abilities, Weirdness & Mutations

You are immune to sickness and miasma.
Your stone body is resilient. (AC +7)
You are immune to poison.
You resist negative energy. (rN+)
You are resistant to electric shocks. (rElec)
You are resistant to unholy torment.
You are immune to petrification.
You do not regenerate when monsters are visible.
You expend magic power (3 MP) to strengthen your wands.


Message History

You hit the centaur warrior.
The centaur warrior is lightly wounded.
The killer bee stings you.
The centaur warrior hits you but does no damage.
The centaur warrior kicks you.
The killer bee stings you but does no damage.
The orc priest hits you with a +0 club.
The killer bee stings you but does no damage.
The kobold brigand throws a poisoned dart.
The poisoned dart barely misses you.
The centaur warrior unwields a +0 whip.
The centaur warrior wields a +0 longbow.
The centaur warrior shoots an arrow.
The arrow hits you.
You lunge at the kobold brigand.
You completely miss the kobold brigand.
The orc priest invokes the aid of Beogh against you.
Pain shoots through your body!
The kobold brigand hits you but does no damage.
The kobold brigand barely misses you.
The centaur warrior unwields a +0 longbow.
The centaur warrior wields a +0 whip.
The centaur warrior hits you with a +0 whip.
The centaur warrior kicks you but does no damage.
The kobold brigand hits you but does no damage.
The centaur warrior hits you but does no damage.
The centaur warrior completely misses you.
The kobold brigand hits you but does no damage.
The centaur warrior unwields a +0 whip.
The centaur warrior wields a +0 longbow.
The centaur warrior shoots an arrow.
The arrow hits you!
* * * LOW HITPOINT WARNING * * *
An orc priest comes into view.
It is wielding a +0 flail of holy wrath.
The kobold brigand throws a poisoned dart.
The poisoned dart hits you!
Okay, then.
Okay, then.
Okay, then.
Enter note: you've gotta be fucking kidding me
Okay, then.
The orc priest shouts!
The centaur warrior shoots an arrow.
The arrow hits you!!
You die...

░░·░░ ░░░···░░······ ░░··░
▒▒∙∙∙∙∙▒░░··░░░ ░░░░░░░>·░░
▒▒▒∙∙∙∙∙∙▒▒∙·░░ ·········░
▒▒∙∙∙∙∙∙∙∙▒∙∙░░ ········░░
▒∙∙∙∙∙∙∙∙∙∙∙▒░ ········░
░▒∙∙∙∙∙∙∙∙∙▒░
·······░░▒▒▒▒▒▒▒▒∙∙∙∙∙∙∙∙▒░
·········∙∙∙∙∙∙∙∙∙∙∙∙∙∙∙▒░
····<····∙o∙∙∙∙∙9∙∙co∙∙∙▒
·········∙▒▒▒▒▒▒▒▒▒Ky∙∙∙▒
······░░░░░··∙▒▒░ ▒▒yl∙∙▒
·····░░ ░···∙∙∙▒░ ▒▒o∙▒▒
░···░░ ░░···∙o∙∙▒░ ▒)∙▒
░··░░ ░····∙∙∙{∙▒░▒∙∙▒
░░·░░░░░░····∙∙∙∙∙∙▒▒∙∙▒
·············∙∙o∙∙o∙∙∙▒▒
░░░░·░░░░░·░░▒▒▒∙▒▒▒∙∙▒


You could see a centaur warrior, a basilisk, a kobold brigand, a killer bee and
2 orc priests.

Vanquished Creatures
  Erica (D:8)
  A deep elf pyromancer (D:9)
  A kobold demonologist (D:9)
  A hornet (D:9)
  Eustachio (D:6)
  A wyvern (D:8)
  3 yaks (D:8)
  A vampire mosquito (D:9)
  A swamp worm (shapeshifter) (D:9)
  An acid dragon (D:5)
  Duvessa (D:4)
  2 water moccasins
  A black bear (D:5)
  3 ice beasts
  4 ogres
  4 necrophages
  A centaur (D:9)
  A phantom (D:7)
  Blork the orc (D:4)
  4 bullfrogs
  A gnoll sergeant (D:6)
  A wyvern skeleton (D:7)
  4 scorpions
  Dowan (D:4)
  2 water moccasin skeletons
  A killer bee (D:9)
  4 wights (D:8)
  A howler monkey (D:6)
  2 bullfrog zombies
  2 hounds
  An orc priest (D:5)
  2 bullfrog skeletons
  2 jellies
  A centaur skeleton (D:7)
  4 iguanas
  7 orc wizards
  3 hell rats (D:7)
  A mummy (D:6)
  3 howler monkey zombies
  A howler monkey skeleton (D:7)
  4 gnolls (D:6)
  13 adders
  9 river rats (D:7)
  An ufetubus (D:5)
  An adder skeleton (D:4)
  3 worms
  15 orcs
  8 ball pythons
  15 endoplasms
  4 giant cockroaches
  11 goblins
  8 hobgoblins
  7 kobolds
  12 quokkas
  6 bats
  3 frilled lizards
  18 rats
216 creatures vanquished.

Vanquished Creatures (others)
  A two-headed ogre (D:9)
  A deep elf pyromancer (D:9)
2 creatures vanquished.

Grand Total: 218 creatures vanquished

Notes
Turn   | Place    | Note
-------+----------+-------------------------------------------
     0 | D:1      | Zeor the Gargoyle Gladiator began the quest for the Orb.
     0 | D:1      | Reached XP level 1. HP: 12/12 MP: 1/1
   333 | D:1      | Reached XP level 2. HP: 18/18 MP: 2/2
   955 | D:1      | Found a faded altar of an unknown god.
  1175 | D:1      | Reached XP level 3. HP: 21/22 MP: 3/3
  1527 | D:2      | Reached skill level 4 in Staves
  1546 | D:2      | Identified the +0 pair of boots of Disaster {Str+3}
  2174 | D:2      | Reached XP level 4. HP: 27/27 MP: 4/4
  2324 | D:3      | Reached skill level 1 in Armour
  3113 | D:4      | Noticed Dowan
  3113 | D:4      | Noticed Duvessa
  3123 | D:4      | Killed Duvessa
  3124 | D:4      | Reached XP level 5. HP: 32/32 MP: 5/5
  3135 | D:4      | Killed Dowan
  3136 | D:4      | Reached skill level 5 in Staves
  3136 | D:4      | Reached XP level 6. HP: 23/37 MP: 6/6
  3596 | D:4      | Reached skill level 6 in Staves
  3706 | D:4      | Reached XP level 7. HP: 28/41 MP: 7/7
  3794 | D:4      | Gained mutation: You are frail. (-10% HP) [potion of
                  | mutation]
  4222 | D:4      | Lost mutation: You are frail. (-10% HP) [potion of
                  | mutation]
  4222 | D:4      | Gained mutation: You do not regenerate when monsters are
                  | visible. [potion of mutation]
  4222 | D:4      | Gained mutation: You expend magic power (3 MP) to
                  | strengthen your wands. [potion of mutation]
  4233 | D:4      | Reached skill level 7 in Staves
  4236 | D:4      | Reached XP level 8. HP: 42/47 MP: 8/8
  4389 | D:4      | Noticed Blork the orc
  4397 | D:4      | Killed Blork the orc
  4536 | D:5      | Entered Level 5 of the Dungeon
  4555 | D:5      | Reached skill level 5 in Armour
  4932 | D:5      | Reached skill level 8 in Staves
  5974 | D:6      | Found a snail-covered altar of Cheibriados.
  5984 | D:6      | Reached XP level 9. HP: 52/52 MP: 9/9
  6350 | D:6      | Reached skill level 5 in Fighting
  6469 | D:6      | Noticed Eustachio
  6478 | D:6      | Reached skill level 9 in Staves
  6481 | D:6      | Killed Eustachio
  7597 | D:7      | Reached skill level 10 in Staves
  7864 | D:7      | Found a staircase to the Ecumenical Temple.
  7885 | Temple   | Entered the Ecumenical Temple
  8049 | Temple   | Became a worshipper of the Wu Jian Council
  8398 | D:8      | Reached XP level 10. HP: 61/61 MP: 10/10
  8926 | D:8      | Noticed Erica
  8973 | D:8      | Killed Erica
  8974 | D:8      | Reached skill level 11 in Staves
  9333 | D:9      | Noticed a centaur warrior
  9343 | D:9      | Noticed a two-headed ogre
  9348 | D:9      | Noticed a deep elf pyromancer
  9348 | D:9      | Noticed a centaur warrior
  9348 | D:9      | Noticed a deep elf pyromancer
  9353 | D:9      | Killed a deep elf pyromancer
  9358 | D:9      | Killed a deep elf pyromancer
  9358 | D:9      | Noticed a two-headed ogre
  9361 | D:9      | HP: 1/63 [centaur warrior/arrow (20)]
  9365 | D:9      | Killed a two-headed ogre
  9366 | D:9      | Noticed a cyclops
  9722 | D:9      | Noticed a kobold demonologist
  9727 | D:9      | Noticed a rust devil
  9730 | D:9      | Killed a kobold demonologist
  9741 | D:9      | you've gotta be fucking kidding me
  9741 | D:9      | Shot with an arrow by a centaur warrior

Illustrated notes

░░·░░ ░░░···░░·······
░░··░ ▒▒∙∙∙∙∙▒░░··░░░░
░░░░░░>·░░ ▒▒▒∙∙∙∙∙∙▒▒∙·░░
········░ ▒▒∙∙∙∙∙∙∙∙▒∙∙░░
·······░░ ▒∙∙∙∙∙∙∙∙∙∙∙▒░
·······░ ░▒∙∙∙∙∙∙∙∙∙▒░
······░░░▒▒▒▒▒▒▒∙∙∙∙∙∙∙∙▒░
·········∙∙∙∙∙∙∙∙∙∙∙∙∙∙▒░
···<·····o∙∙∙∙∙∙9∙co∙∙∙▒
·········▒▒▒▒▒▒▒▒▒Ky∙∙∙▒
·····░░░░░··∙▒▒░ ▒▒yl∙∙▒
····░░ ░···∙∙∙▒░ ▒▒o∙▒▒
···░░ ░░···∙o∙∙▒░ ▒)∙▒
··░░ ░····∙∙∙{∙▒░▒∙∙▒
░·░░░░░░····∙∙∙∙∙∙▒▒∙∙▒
············∙∙o∙∙o∙∙∙▒▒
░░░·░░░░░·░░▒▒▒∙▒▒▒∙∙▒


Turn 9741 on D:9: you've gotta be fucking kidding me

Levels and vault maps discovered:
D:1:      tarquinn_simple_flora_water_a, layout_basic,
          hellmonk_ecumenical_altar_arch_garden, minmay_misc_feat_roman,
          minmay_small_reverse_x
D:2:      layout_loops_ring
D:3:      layout_loops_cross
D:4:      minmay_bubble_buster, layout_basic, uniq_blork_the_orc, uniq_duvessa
D:5:      layout_basic
D:6:      layout_loops_corners, slow_altar_1, uniq_eustachio
D:7:      lemuel_ratsnest, layout_loops_ring, temple_pool_b
D:8:      layout_basic, uniq_erica
D:9:      minmay_the_grid_square_5x5_4x4 [minmay_the_grid_square_5x5_shrine1,
          minmay_the_grid_square_5x5_eight_small,
          minmay_the_grid_square_5x5_spiral_small,
          minmay_the_grid_square_5x5_tri_point,
          minmay_the_grid_square_5x5_n_small,
          minmay_the_grid_square_5x5_prize_junk,
          minmay_the_grid_square_5x5_prize_rear_guard,
          minmay_the_grid_square_5x5_mess, minmay_the_grid_square_5x5_two,
          minmay_the_grid_square_5x5_prize_waves,
          minmay_the_grid_square_5x5_prize_gold,
          minmay_the_grid_square_5x5_inset,
          minmay_the_grid_square_5x5_misaligned,
          minmay_the_grid_square_5x5_bridge, minmay_the_grid_square_5x5_lines,
          minmay_the_grid_square_5x5_checkered], layout_cave_pods, serial_shops,
          nicolae_diamond_shop
Temple:   mainiacjoe_temple_circle_huts

Skill      XL: |  1  2  3  4  5  6  7  8  9 10 |
---------------+-------------------------------+-----
Staves         | 4 5 6 7 8 10 11 | 11.5
Armour         | 2 3 4 6 7 9 |  9.2
Fighting       | 3 4 6 7 |  7.2
Throwing       | 2 3 |  3.2
Dodging        | 3 |  3.2

Action                   |  1- 3 |  4- 6 |  7- 9 | 10-12 || total
-------------------------+-------+-------+-------+-------++-------
Melee: Quarterstaff      |   127 |   101 |   410 |   153 ||   791
Throw: Boomerang         |     2 |     2 |       |       ||     4
       Javelin           |       |     4 |    25 |       ||    29
       Throwing net      |       |       |     1 |       ||     1
Invok: Lunge             |       |       |     2 |    12 ||    14
  Use: Scroll            |     8 |     2 |     7 |     4 ||    21
       Potion            |       |     1 |     8 |     5 ||    14
 Stab: Sleeping          |     1 |       |       |       ||     1
       Distracted        |       |       |     1 |       ||     1
Armor: Leather armour    |    20 |       |       |       ||    20
       Scale mail        |    35 |    28 |       |       ||    63
       Chain mail        |       |    15 |   245 |   158 ||   418
Dodge: Dodged            |    55 |    38 |   155 |    78 ||   326
